2914 views
Uploaded 2023-09-12 01:25:17
Game version 1.36 (6115)
37:55 long 2on2 ladder game on (4)LostTemple_S2
Saved by GIGA
2914 views
Uploaded 2023-09-12 01:25:17
Game version 1.36 (6115)
37:55 long 2on2 ladder game on (4)LostTemple_S2


106 units @ 16.3k
/ 2.5k
58 buildings @ 9.8k
/ 2.5k


| Rod of Necromancy | 1 | 150 |
| Potion of Healing | 1 | 150 |
| Orb of Corruption | 2 | 750 |
| Scroll of Town Portal | 1 | 350 |
| Boots of Speed | 1 | 250 |
| total: | 6 | 1650g |
| Acolyte | 17 | 1275 | / | 0 |
| Ghoul | 13 | 1560 | / | 0 |
| Gargoyle | 21 | 3675 | / | 630 |
| total: | 51 | 6510g | / | 630w |
| Nerubian Tower | 1 | 100 | / | 20 |
| Spirit Tower | 2 | 290 | / | 80 |
| Altar of Darkness | 1 | 180 | / | 50 |
| Crypt | 3 | 600 | / | 150 |
| Ziggurat | 11 | 1650 | / | 550 |
| Tomb of Relics | 1 | 130 | / | 30 |
| Graveyard | 1 | 215 | / | 0 |
| Halls of the Dead | 1 | 320 | / | 210 |
| Black Citadel | 1 | 325 | / | 230 |
| total: | 17 | 2775g | / | 780w |
| 0:05 | Acolyte |
| 0:05 | Acolyte |
| 0:22 | Altar of Darkness |
| 0:23 | Crypt |
| 0:37 | Ziggurat |
| 0:53 | Tomb of Relics |
| 1:27 | Ghoul |
| 1:32 | Nerubian Tower |
| 1:40 | Ziggurat |
| 1:42 | Ghoul |
| 2:00 | Ghoul |
| 2:13 | Ghoul |
| 2:28 | Rod of Necromancy |
| 2:31 | Sleep |
| 2:34 | Acolyte |
| 2:50 | Ghoul |
| 2:51 | Acolyte |
| 3:09 | Acolyte |
| 3:11 | Acolyte |
| 3:16 | Ziggurat |
| 3:33 | Vampiric Aura |
| 3:47 | Acolyte |
| 4:15 | Ghoul |
| 4:16 | Ghoul |
| 4:16 | Ghoul |
| 5:09 | Halls of the Dead |
| 5:10 | Ghoul |
| 5:11 | Ghoul |
| 5:26 | Graveyard |
| 5:50 | Ghoul |
| 6:20 | Ghoul |
| 6:21 | Ghoul |
| 6:24 | Crypt |
| 7:16 | Creature Attack |
| 7:16 | Creature Carapace |
| 7:26 | Ziggurat |
| 7:30 | Gargoyle |
| 7:44 | Black Citadel |
| 7:48 | Ziggurat |
| 7:52 | Crypt |
| 8:08 | Gargoyle |
| 8:11 | Gargoyle |
| 8:50 | Vampiric Aura |
| 9:08 | Gargoyle |
| 9:27 | Improved Creature Attack |
| 9:29 | Gargoyle |
| 9:52 | Ziggurat |
| 10:37 | Gargoyle |
| 10:39 | Gargoyle |
| 10:41 | Improved Creature Carapace |
| 11:13 | Stone Form |
| 11:14 | Gargoyle |
| 12:47 | Advanced Creature Attack |
| 12:47 | Advanced Creature Carapace |
| 12:50 | Ziggurat |
| 12:51 | Ziggurat |
| 12:54 | Ghoul Frenzy |
| 13:02 | Sleep |
| 13:57 | Gargoyle |
| 13:57 | Gargoyle |
| 14:33 | Gargoyle |
| 15:04 | Sleep |
| 15:11 | Gargoyle |
| 15:32 | Gargoyle |
| 15:51 | Gargoyle |
| 16:10 | Potion of Healing |
| 16:24 | Orb of Corruption |
| 16:24 | Scroll of Town Portal |
| 17:50 | Gargoyle |
| 17:53 | Ziggurat |
| 19:00 | Boots of Speed |
| 19:18 | Gargoyle |
| 19:19 | Spirit Tower |
| 20:57 | Spirit Tower |
| 21:56 | Gargoyle |
| 22:39 | Gargoyle |
| 23:39 | Gargoyle |
| 24:12 | Gargoyle |
| 24:52 | Gargoyle |
| 25:06 | Ziggurat |
| 25:46 | Unholy Aura |
| 28:36 | Inferno |
| 29:34 | Acolyte |
| 30:31 | Acolyte |
| 31:12 | Acolyte |
| 32:17 | Acolyte |
| 32:17 | Acolyte |
| 33:00 | Acolyte |
| 33:02 | Acolyte |
| 33:02 | Acolyte |
| 33:03 | Acolyte |
| 33:03 | Acolyte |
| 33:07 | Ziggurat |
| 36:31 | Orb of Corruption |
| Right click | 1406 |
| Select | 757 |
| Select group | 377 |
| Misc. action | 235 |
| Build/train/purchase | 92 |
| Assign group | 38 |
| Use ability | 34 |
| Chat | 33 |
| Minimap ping | 22 |
| Item give/drop | 4 |
| Remove unit | 1 |



| Rod of Necromancy | 2 | 300 |
| Sacrificial Skull | 4 | 200 |
| Orb of Corruption | 2 | 750 |
| Potion of Healing | 7 | 1050 |
| Potion of Mana | 4 | 800 |
| Dust of Appearance | 2 | 150 |
| Scroll of Town Portal | 7 | 2450 |
| Boots of Speed | 1 | 250 |
| Circlet of Nobility | 1 | 175 |
| total: | 30 | 6125g |
| Acolyte | 22 | 1650 | / | 0 |
| Ghoul | 9 | 1080 | / | 0 |
| Crypt Fiend | 8 | 1720 | / | 320 |
| Obsidian Statue | 2 | 400 | / | 70 |
| Meat Wagon | 3 | 690 | / | 150 |
| Frost Wyrm | 11 | 4235 | / | 1320 |
| total: | 55 | 9775g | / | 1860w |
| Nerubian Tower | 8 | 800 | / | 160 |
| Spirit Tower | 20 | 2900 | / | 800 |
| Crypt | 2 | 400 | / | 100 |
| Altar of Darkness | 1 | 180 | / | 50 |
| Ziggurat | 20 | 3000 | / | 1000 |
| Tomb of Relics | 3 | 390 | / | 90 |
| Graveyard | 2 | 430 | / | 0 |
| Necropolis | 10 | 2250 | / | 0 |
| Slaughterhouse | 1 | 140 | / | 135 |
| Sacrificial Pit | 1 | 75 | / | 150 |
| Boneyard | 1 | 175 | / | 200 |
| Halls of the Dead | 6 | 1920 | / | 1260 |
| Black Citadel | 5 | 1625 | / | 1150 |
| total: | 41 | 7040g | / | 1725w |
| 0:03 | Acolyte |
| 0:05 | Crypt |
| 0:10 | Altar of Darkness |
| 0:24 | Ziggurat |
| 0:33 | Acolyte |
| 0:33 | Acolyte |
| 0:50 | Tomb of Relics |
| 1:08 | Ghoul |
| 1:08 | Ghoul |
| 1:24 | Ziggurat |
| 1:34 | Ghoul |
| 1:39 | Acolyte |
| 1:39 | Acolyte |
| 1:52 | Ghoul |
| 1:52 | Ghoul |
| 2:11 | Rod of Necromancy |
| 2:12 | Sacrificial Skull |
| 2:20 | Death Coil |
| 2:26 | Ghoul |
| 2:26 | Ghoul |
| 2:39 | Ziggurat |
| 3:08 | Unholy Aura |
| 3:17 | Acolyte |
| 3:30 | Nerubian Tower |
| 3:31 | Acolyte |
| 3:43 | Graveyard |
| 4:01 | Ziggurat |
| 4:09 | Nerubian Tower |
| 4:18 | Acolyte |
| 4:34 | Acolyte |
| 4:57 | Halls of the Dead |
| 5:15 | Spirit Tower |
| 5:24 | Necropolis |
| 5:51 | Crypt Fiend |
| 5:55 | Tomb of Relics |
| 6:01 | Crypt |
| 6:08 | Rod of Necromancy |
| 6:09 | Dust of Appearance |
| 6:18 | Creature Attack |
| 6:18 | Improved Creature Attack |
| 6:43 | Crypt Fiend |
| 7:45 | Black Citadel |
| 7:51 | Death Coil |
| 8:16 | Ziggurat |
| 9:03 | Impale |
| 9:28 | Crypt Fiend |
| 9:29 | Web |
| 9:33 | Slaughterhouse |
| 9:48 | Spirit Tower |
| 10:07 | Necropolis |
| 10:41 | Obsidian Statue |
| 10:41 | Obsidian Statue |
| 11:12 | Orb of Corruption |
| 11:12 | Potion of Healing |
| 11:12 | Potion of Mana |
| 11:14 | Potion of Healing |
| 11:22 | Necropolis |
| 11:28 | Frost Nova |
| 11:34 | Spiked Carapace |
| 11:42 | Boneyard |
| 12:22 | Destroyer Form |
| 12:32 | Acolyte |
| 12:46 | Meat Wagon |
| 12:55 | Sacrificial Skull |
| 13:01 | Orb of Corruption |
| 13:01 | Potion of Healing |
| 13:02 | Dust of Appearance |
| 13:09 | Unholy Strength |
| 13:09 | Improved Unholy Strength |
| 13:14 | Acolyte |
| 13:19 | Burrow |
| 13:35 | Meat Wagon |
| 13:46 | Ziggurat |
| 13:50 | Ghoul |
| 13:57 | Ziggurat |
| 14:29 | Frost Wyrm |
| 14:39 | Boots of Speed |
| 14:40 | Circlet of Nobility |
| 14:59 | Unholy Aura |
| 15:11 | Sacrificial Pit |
| 15:39 | Impale |
| 15:56 | Frost Wyrm |
| 15:59 | Dark Ritual |
| 16:24 | Necropolis |
| 16:33 | Acolyte |
| 16:52 | Freezing Breath |
| 17:24 | Frost Wyrm |
| 18:10 | Meat Wagon |
| 18:17 | Acolyte |
| 18:17 | Acolyte |
| 18:29 | Advanced Unholy Strength |
| 19:14 | Spirit Tower |
| 19:16 | Ziggurat |
| 19:22 | Ziggurat |
| 19:23 | Ziggurat |
| 19:33 | Graveyard |
| 19:56 | Necropolis |
| 20:04 | Sacrificial Skull |
| 20:10 | Ziggurat |
| 20:11 | Spirit Tower |
| 20:21 | Ziggurat |
| 20:23 | Frost Wyrm |
| 21:02 | Halls of the Dead |
| 21:09 | Spirit Tower |
| 21:11 | Ghoul |
| 21:32 | Nerubian Tower |
| 21:42 | Frost Wyrm |
| 21:45 | Spirit Tower |
| 21:57 | Acolyte |
| 22:12 | Spiked Carapace |
| 22:25 | Spirit Tower |
| 22:41 | Acolyte |
| 22:44 | Frost Nova |
| 23:01 | Ziggurat |
| 23:34 | Necropolis |
| 23:53 | Scroll of Town Portal |
| 23:55 | Potion of Mana |
| 24:05 | Potion of Healing |
| 24:24 | Black Citadel |
| 24:38 | Ziggurat |
| 24:50 | Ziggurat |
| 24:56 | Scroll of Town Portal |
| 25:05 | Necropolis |
| 25:10 | Acolyte |
| 25:11 | Ziggurat |
| 25:13 | Ziggurat |
| 25:15 | Ziggurat |
| 25:17 | Tomb of Relics |
| 25:44 | Necropolis |
| 25:46 | Spirit Tower |
| 26:05 | Spirit Tower |
| 26:08 | Spirit Tower |
| 26:09 | Acolyte |
| 26:13 | Death Coil |
| 26:15 | Scroll of Town Portal |
| 26:23 | Ziggurat |
| 26:24 | Acolyte |
| 26:33 | Acolyte |
| 26:35 | Halls of the Dead |
| 26:56 | Necropolis |
| 27:41 | Ziggurat |
| 29:20 | Black Citadel |
| 29:23 | Frost Wyrm |
| 29:25 | Acolyte |
| 29:27 | Nerubian Tower |
| 29:31 | Scroll of Town Portal |
| 29:32 | Potion of Healing |
| 29:32 | Potion of Mana |
| 29:34 | Potion of Healing |
| 29:37 | Potion of Healing |
| 29:37 | Potion of Mana |
| 29:38 | Sacrificial Skull |
| 29:49 | Crypt Fiend |
| 30:10 | Frost Wyrm |
| 30:32 | Creature Carapace |
| 30:32 | Improved Creature Carapace |
| 30:44 | Frost Wyrm |
| 30:56 | Crypt Fiend |
| 31:21 | Frost Armor |
| 31:49 | Crypt Fiend |
| 32:16 | Frost Wyrm |
| 32:18 | Advanced Creature Carapace |
| 32:54 | Scroll of Town Portal |
| 33:20 | Frost Wyrm |
| 33:23 | Advanced Creature Attack |
| 33:55 | Crypt Fiend |
| 34:46 | Scroll of Town Portal |
| 35:14 | Crypt Fiend |
| 35:18 | Frost Wyrm |
| 35:57 | Impale |
| 36:00 | Scroll of Town Portal |
| 36:10 | Necropolis |
| 36:17 | Acolyte |
| 37:29 | Unholy Aura |
| Select group | 2786 |
| Right click | 1760 |
| Misc. action | 1157 |
| Select | 947 |
| Build/train/purchase | 219 |
| Use ability | 118 |
| Assign group | 114 |
| Resource trade | 13 |
| Item give/drop | 4 |
| Esc | 4 |
| Minimap ping | 1 |
102 units @ 9.8k
/ 1.7k
90 buildings @ 7.7k
/ 4.2k
GIGA
(207)
(37:54) : 

| Healing Salve | 1 | 100 |
| Lesser Clarity Potion | 3 | 210 |
| Scroll of Speed | 1 | 50 |
| Orb of Lightning | 1 | 375 |
| Tiny Great Hall | 2 | 1200 |
| Boots of Speed | 1 | 250 |
| Staff of Teleportation | 1 | 150 |
| total: | 10 | 2335g |
| Peon | 28 | 2100 | / | 0 |
| Troll Witch Doctor | 5 | 725 | / | 125 |
| total: | 33 | 2825g | / | 125w |
| Watch Tower | 21 | 2310 | / | 1680 |
| Altar of Storms | 1 | 180 | / | 50 |
| Orc Burrow | 3 | 480 | / | 120 |
| War Mill | 1 | 205 | / | 0 |
| Voodoo Lounge | 1 | 130 | / | 30 |
| Spirit Lodge | 1 | 150 | / | 150 |
| Beastiary | 1 | 145 | / | 140 |
| Stronghold | 1 | 315 | / | 190 |
| Fortress | 1 | 325 | / | 190 |
| total: | 29 | 3600g | / | 2170w |
| 0:03 | Peon |
| 0:03 | Peon |
| 0:08 | Altar of Storms |
| 0:24 | Orc Burrow |
| 0:27 | Peon |
| 0:35 | Peon |
| 0:52 | Peon |
| 1:14 | Peon |
| 1:19 | War Mill |
| 1:32 | Orc Burrow |
| 1:35 | Peon |
| 1:35 | Peon |
| 1:44 | Voodoo Lounge |
| 1:53 | Peon |
| 2:07 | Peon |
| 2:15 | Wind Walk |
| 2:28 | Peon |
| 2:29 | Peon |
| 2:50 | Watch Tower |
| 2:54 | Watch Tower |
| 2:56 | Watch Tower |
| 3:21 | Stronghold |
| 3:39 | Watch Tower |
| 3:43 | Watch Tower |
| 4:01 | Spiked Barricades |
| 4:17 | Critical Strike |
| 5:12 | Watch Tower |
| 5:13 | Watch Tower |
| 5:49 | Peon |
| 5:49 | Peon |
| 5:54 | Spirit Lodge |
| 5:57 | Watch Tower |
| 5:58 | Reinforced Defenses |
| 7:44 | Fortress |
| 7:45 | Witch Doctor Adept Training |
| 7:46 | Troll Witch Doctor |
| 7:46 | Troll Witch Doctor |
| 7:51 | Watch Tower |
| 7:52 | Watch Tower |
| 8:03 | Improved Spiked Barricades |
| 8:04 | Healing Salve |
| 8:04 | Lesser Clarity Potion |
| 8:07 | Lesser Clarity Potion |
| 8:08 | Scroll of Speed |
| 8:31 | Boots of Speed |
| 8:32 | Staff of Teleportation |
| 9:35 | Watch Tower |
| 9:36 | Watch Tower |
| 10:31 | Witch Doctor Master Training |
| 10:43 | Orc Burrow |
| 10:46 | Watch Tower |
| 10:48 | Watch Tower |
| 10:49 | Watch Tower |
| 10:57 | Orb of Lightning |
| 12:39 | Troll Witch Doctor |
| 12:40 | Troll Witch Doctor |
| 13:07 | Watch Tower |
| 13:36 | Troll Witch Doctor |
| 13:38 | Lesser Clarity Potion |
| 13:51 | Watch Tower |
| 13:55 | Watch Tower |
| 14:02 | Watch Tower |
| 14:30 | Watch Tower |
| 14:31 | Watch Tower |
| 14:48 | Hex |
| 18:32 | Beastiary |
| 19:55 | Wind Walk |
| 19:57 | Healing Wave |
| 20:57 | Tiny Great Hall |
| 25:15 | Peon |
| 25:15 | Peon |
| 25:15 | Peon |
| 25:15 | Peon |
| 25:16 | Peon |
| 28:26 | Critical Strike |
| 29:52 | Tiny Great Hall |
| 30:44 | Peon |
| 30:47 | Peon |
| 30:47 | Peon |
| 30:48 | Peon |
| 31:30 | Peon |
| 31:30 | Peon |
| 31:31 | Peon |
| 33:20 | Peon |
| 33:20 | Peon |
| 36:53 | Bladestorm |
| Right click | 2788 |
| Select group | 1395 |
| Select | 344 |
| Build/train/purchase | 115 |
| Resource trade | 45 |
| Minimap ping | 24 |
| Assign group | 22 |
| Use ability | 19 |
| Chat | 8 |
| Esc | 7 |
| Misc. action | 5 |
| Item give/drop | 2 |


| Peasant | 20 | 1500 | / | 0 |
| Footman | 1 | 135 | / | 0 |
| Mortar Team | 3 | 540 | / | 210 |
| Flying Machine | 42 | 4200 | / | 1260 |
| Dragonhawk Rider | 2 | 400 | / | 60 |
| Goblin Zeppelin | 1 | 240 | / | 60 |
| total: | 69 | 7015g | / | 1590w |
| Scout Tower | 35 | 1050 | / | 700 |
| Arcane Tower | 5 | 350 | / | 250 |
| Guard Tower | 18 | 1260 | / | 900 |
| Altar of Kings | 2 | 360 | / | 100 |
| Barracks | 1 | 160 | / | 60 |
| Farm | 15 | 1200 | / | 300 |
| Lumber Mill | 1 | 120 | / | 0 |
| Town Hall | 1 | 385 | / | 205 |
| Blacksmith | 1 | 140 | / | 60 |
| Arcane Vault | 1 | 130 | / | 30 |
| Workshop | 3 | 420 | / | 420 |
| Gryphon Aviary | 1 | 140 | / | 150 |
| Keep | 1 | 320 | / | 210 |
| Castle | 1 | 360 | / | 210 |
| total: | 61 | 4105g | / | 2025w |
| 0:02 | Peasant |
| 0:06 | Altar of Kings |
| 0:11 | Barracks |
| 0:13 | Peasant |
| 0:18 | Farm |
| 0:24 | Peasant |
| 0:46 | Farm |
| 0:49 | Peasant |
| 0:58 | Peasant |
| 1:06 | Peasant |
| 1:16 | Footman |
| 1:24 | Peasant |
| 1:27 | Scout Tower |
| 1:42 | Lumber Mill |
| 1:49 | Peasant |
| 1:58 | Arcane Tower |
| 2:00 | Peasant |
| 2:13 | Peasant |
| 2:19 | Farm |
| 2:20 | Farm |
| 2:24 | Peasant |
| 2:32 | Storm Bolt |
| 2:46 | Peasant |
| 3:00 | Peasant |
| 3:16 | Town Hall |
| 3:22 | Scout Tower |
| 3:24 | Scout Tower |
| 3:34 | Peasant |
| 3:37 | Scout Tower |
| 3:39 | Scout Tower |
| 3:46 | Improved Lumber Harvesting |
| 3:57 | Scout Tower |
| 3:58 | Scout Tower |
| 3:59 | Scout Tower |
| 4:01 | Guard Tower |
| 4:03 | Arcane Tower |
| 4:07 | Scout Tower |
| 4:15 | Arcane Tower |
| 4:19 | Guard Tower |
| 4:24 | Guard Tower |
| 5:08 | Guard Tower |
| 5:09 | Scout Tower |
| 5:09 | Scout Tower |
| 5:13 | Peasant |
| 5:13 | Peasant |
| 5:14 | Peasant |
| 5:23 | Scout Tower |
| 5:25 | Peasant |
| 5:30 | Scout Tower |
| 5:31 | Scout Tower |
| 5:48 | Guard Tower |
| 5:49 | Scout Tower |
| 5:50 | Scout Tower |
| 5:52 | Peasant |
| 5:54 | Scout Tower |
| 5:58 | Arcane Tower |
| 6:07 | Guard Tower |
| 6:18 | Guard Tower |
| 6:21 | Guard Tower |
| 6:50 | Keep |
| 6:52 | Blacksmith |
| 6:58 | Improved Masonry |
| 6:59 | Scout Tower |
| 6:59 | Scout Tower |
| 7:01 | Peasant |
| 7:21 | Scout Tower |
| 7:22 | Scout Tower |
| 7:31 | Guard Tower |
| 9:27 | Guard Tower |
| 9:29 | Castle |
| 9:30 | Workshop |
| 9:31 | Workshop |
| 9:32 | Workshop |
| 9:36 | Arcane Tower |
| 9:37 | Guard Tower |
| 9:38 | Scout Tower |
| 9:39 | Scout Tower |
| 9:40 | Scout Tower |
| 9:51 | Bash |
| 9:54 | Black Gunpowder |
| 10:07 | Scout Tower |
| 10:09 | Scout Tower |
| 10:11 | Scout Tower |
| 10:12 | Scout Tower |
| 10:14 | Scout Tower |
| 10:20 | Scout Tower |
| 10:21 | Scout Tower |
| 10:23 | Scout Tower |
| 10:24 | Scout Tower |
| 10:32 | Guard Tower |
| 10:40 | Holy Light |
| 10:44 | Guard Tower |
| 10:56 | Guard Tower |
| 11:00 | Guard Tower |
| 11:01 | Scout Tower |
| 11:01 | Scout Tower |
| 11:02 | Flak Cannons |
| 11:03 | Flare |
| 11:07 | Guard Tower |
| 11:14 | Advanced Lumber Harvesting |
| 11:19 | Advanced Masonry |
| 11:29 | Guard Tower |
| 11:35 | Mortar Team |
| 11:38 | Mortar Team |
| 11:45 | Farm |
| 11:46 | Farm |
| 11:49 | Farm |
| 11:50 | Farm |
| 11:58 | Guard Tower |
| 12:31 | Fragmentation Shards |
| 12:31 | Flying Machine Bombs |
| 12:39 | Refined Gunpowder |
| 12:44 | Flying Machine |
| 12:45 | Flying Machine |
| 12:58 | Farm |
| 12:59 | Farm |
| 13:47 | Imbued Masonry |
| 13:55 | Flying Machine |
| 13:56 | Flying Machine |
| 13:58 | Farm |
| 13:59 | Farm |
| 14:01 | Farm |
| 14:37 | Flying Machine |
| 14:59 | Imbued Gunpowder |
| 14:59 | Iron Plating |
| 16:36 | Flying Machine |
| 16:36 | Flying Machine |
| 16:36 | Flying Machine |
| 16:36 | Flying Machine |
| 16:37 | Flying Machine |
| 16:43 | Flying Machine |
| 16:43 | Flying Machine |
| 16:43 | Flying Machine |
| 16:43 | Flying Machine |
| 16:44 | Flying Machine |
| 16:44 | Flying Machine |
| 16:44 | Flying Machine |
| 17:52 | Farm |
| 17:53 | Farm |
| 18:25 | Gryphon Aviary |
| 18:26 | Arcane Vault |
| 18:31 | Mortar Team |
| 19:52 | Flying Machine |
| 19:52 | Flying Machine |
| 19:52 | Flying Machine |
| 20:04 | Flying Machine |
| 20:04 | Flying Machine |
| 20:04 | Flying Machine |
| 20:04 | Flying Machine |
| 20:04 | Flying Machine |
| 20:05 | Flying Machine |
| 20:05 | Flying Machine |
| 20:15 | Storm Bolt |
| 20:16 | Divine Shield |
| 21:02 | Cloud |
| 21:02 | Dragonhawk Rider |
| 21:02 | Dragonhawk Rider |
| 21:57 | Flying Machine |
| 21:57 | Flying Machine |
| 21:57 | Flying Machine |
| 21:58 | Flying Machine |
| 21:58 | Flying Machine |
| 21:58 | Flying Machine |
| 21:58 | Flying Machine |
| 23:37 | Steel Plating |
| 25:06 | Critical Strike |
| 25:49 | Flying Machine |
| 25:49 | Flying Machine |
| 25:51 | Mithril Plating |
| 26:39 | Flying Machine |
| 26:39 | Flying Machine |
| 28:53 | Holy Light |
| 29:01 | Altar of Kings |
| 29:56 | Flying Machine |
| 29:56 | Flying Machine |
| 29:56 | Flying Machine |
| 29:56 | Flying Machine |
| 32:45 | Bash |
| 34:36 | Goblin Zeppelin |
| Right click | 2276 |
| Select | 508 |
| Select group | 504 |
| Build/train/purchase | 164 |
| Use ability | 91 |
| Misc. action | 63 |
| Assign group | 23 |
| Esc | 16 |
| Minimap ping | 14 |
| Resource trade | 10 |
⇛